AoeStats
← sam_robinson1994

Arabia

508317506Analyzed
2v2 RM · 12d ago on Sep 21, 2026· 40m 49s· 4 players
Game mode
Random Map
Map size
Medium (4 player)
Population
200
Speed
Normal
Resources
Standard
Victory
Conquest
Starting age
Dark Age
Ending age
Imperial Age
RankedLock teamsTeams togetherTeam positionsShared explorationLock speedFull tech treeHidden civsTurbo modeCheats
Victory
Defeat
🇦🇷 Magyars · Argentina
1350
+13
🇦🇷 Bohemians · Argentina
1273
+17
🇳🇱 Mongols · Netherlands
1289
-15
🇬🇧 Romans · United Kingdom
1287
-15
Maximus
8:24 Feudal Age
7:34 Loom
9:07 Double-Bit Axe
12:25 Horse Collar
22:00 Castle Age
20:02 Gold Mining
21:18 Bloodlines
21:25 Forging
22:22 Scale Barding Armor
23:19 Heavy Plow
23:16 Fletching
23:53 Padded Archer Armor
24:12 Bodkin Arrow
23:47 Crossbowman
25:32 Husbandry
28:23 Wheelbarrow
28:30 Iron Casting
31:39 Town Watch
32:28 Chain Barding Armor
sam_robinson1994
6:46 Loom
8:53 Feudal Age
9:10 Man-at-Arms
10:52 Scale Mail Armor
15:16 Double-Bit Axe
22:24 Castle Age
21:50 Scale Barding Armor
23:05 Bloodlines
29:07 Forging
32:41 Chain Barding Armor
32:58 Iron Casting
gelas14
2:31 Loom
10:19 Feudal Age
10:48 Double-Bit Axe
12:56 Fletching
21:38 Castle Age
20:25 Padded Archer Armor
21:47 Crossbowman
22:23 Bodkin Arrow
22:52 Bow Saw
23:50 Ballistics
26:58 Horse Collar
27:48 Heavy Plow
28:51 Wheelbarrow
29:12 Leather Archer Armor
30:13 Chemistry
32:26 Hand Cart
32:05 Town Watch
32:38 Leather Archer Armor
37:13 Imperial Age
37:20 Arbalester
38:07 Bracer
40:45 Treadmill Crane
41:16 Masonry
negr0na da peste
7:05 Loom
9:58 Feudal Age
10:33 Double-Bit Axe
22:10 Wheelbarrow
24:48 Castle Age
24:31 Bloodlines
24:31 Scale Barding Armor
24:18 Gold Mining
24:17 Horse Collar
25:57 Bow Saw
26:40 Chain Barding Armor
26:39 Husbandry
32:05 Stone Mining
34:05 Town Watch
40:27 Imperial Age
38:02 Heavy Plow
38:45 Gold Shaft Mining
40:22 Hand Cart
40:30 Cavalier
Connection lost

Rejoining the realm…

Still unreachable

The connection could not be restored.

Session expired

The server has moved on; the page needs a fresh start.